AoeStats
← KND

African Clearing

506537536Analyzed
4v4 RM · 17d ago on Sep 14, 2026· 45m 21s· 8 players
Game mode
Random Map
Map size
Large (8 player)
Population
200
Speed
Normal
Resources
Standard
Victory
Conquest
Starting age
Dark Age
Ending age
Imperial Age
RankedLock teamsTeams togetherTeam positionsShared explorationLock speedFull tech treeHidden civsTurbo modeCheats
Victory
Defeat
🇧🇷 Bohemians · Brazil
1502
+10
🇩🇪 Ethiopians · Germany
1461
+12
🇧🇷 Romans · Brazil
1439
+14
🇸🇪 Bengalis · Sweden
1403
+15
🇺🇸 Chinese · United States
1548
-19
🇺🇸 Huns · United States
1451
-15
🇫🇷 Vikings · France
1361
-12
🇵🇱 Malians · Poland
1112
-5
TmZ_Mosquito Sedutor
4:16 Loom
14:38 Feudal Age
15:46 Town Watch
15:50 Double-Bit Axe
18:51 Castle Age
17:34 Gold Mining
18:59 Horse Collar
20:27 Bow Saw
20:10 Man-at-Arms
20:50 Squires
20:52 Scale Mail Armor
21:02 Forging
21:19 Long Swordsman
27:05 Wheelbarrow
28:23 Padded Archer Armor
29:45 Pikeman
31:29 Ballistics
32:41 Leather Archer Armor
32:17 Fletching
32:35 Ballistas
35:23 Fletching
37:18 Gold Shaft Mining
36:33 Stone Mining
37:18 Bodkin Arrow
38:32 Iron Casting
38:39 Scale Barding Armor
43:05 Imperial Age
41:04 Husbandry
42:12 Hand Cart
41:57 Town Patrol
42:02 Stone Mining
42:31 Heavy Plow
45:11 Ring Archer Armor
45:07 Conscription
44:54 Heavy Scorpion
Lambadaschnitte
4:49 Loom
13:46 Feudal Age
16:42 Double-Bit Axe
19:13 Castle Age
19:43 Crossbowman
28:00 Fletching
28:50 Town Watch
30:27 Padded Archer Armor
30:55 Bodkin Arrow
35:58 Ballistics
35:44 Gold Mining
36:32 Wheelbarrow
37:17 Leather Archer Armor
37:21 Thumb Ring
39:33 Hand Cart
40:34 Bow Saw
41:44 Scale Mail Armor
42:47 Masonry
43:01 Elite Skirmisher
44:31 Chain Mail Armor
45:11 Squires
44:58 Arson
45:02 Horse Collar
Jardel
11:17 Loom
13:03 Feudal Age
19:17 Castle Age
24:37 Fletching
26:17 Bodkin Arrow
27:30 Padded Archer Armor
30:15 Leather Archer Armor
33:23 Bloodlines
36:08 Ballistics
KND
5:50 Loom
14:10 Feudal Age
18:07 Castle Age
17:25 Double-Bit Axe
22:53 Horse Collar
25:42 Heavy Plow
32:24 Imperial Age
30:12 Town Watch
31:05 Wheelbarrow
30:50 Fletching
33:45 Chemistry
33:47 Hand Cart
33:40 Bodkin Arrow
33:46 Padded Archer Armor
34:22 Wagenburg Tactics
38:08 Bow Saw
38:03 Bracer
37:36 Elite Hussite Wagon
38:56 Town Watch
40:33 Leather Archer Armor
40:43 Conscription
42:19 Ballistics
42:10 Masonry
42:54 Scale Mail Armor
43:04 Forging
42:29 Pikeman
43:09 Squires
42:59 Halberdier
44:33 Chain Mail Armor
Jaxto
3:06 Loom
11:53 Feudal Age
14:24 Double-Bit Axe
16:45 Forging
16:41 Scale Barding Armor
21:07 Castle Age
23:18 Chain Barding Armor
25:20 Scale Mail Armor
25:26 Gold Mining
25:38 Squires
26:51 Wheelbarrow
28:15 Chain Mail Armor
29:29 Bow Saw
31:25 Iron Casting
33:10 Stone Mining
33:44 Town Watch
34:42 Arson
37:12 Hand Cart
37:07 Fletching
40:00 Imperial Age
38:11 Ballistics
40:38 Capped Ram
41:20 Horse Collar
43:41 Siege Ram
45:06 Hand Cart
44:56 Heavy Rocket Cart
Pickel727
4:21 Loom
14:12 Feudal Age
18:05 Castle Age
16:34 Fletching
16:34 Double-Bit Axe
17:53 Padded Archer Armor
18:13 Bloodlines
19:37 Bodkin Arrow
23:55 Padded Archer Armor
25:32 Wheelbarrow
26:07 Husbandry
28:46 Thumb Ring
35:32 Horse Collar
37:30 Hand Cart
40:46 Imperial Age
39:13 Scale Barding Armor
39:18 Forging
39:23 Marauders
40:14 Chain Barding Armor
41:58 Iron Casting
42:34 Gold Mining
42:31 Town Watch
43:47 Plate Barding Armor
yalaric
4:28 Loom
16:25 Feudal Age
20:22 Castle Age
18:29 Double-Bit Axe
20:57 Fletching
20:58 Crossbowman
21:46 Bodkin Arrow
22:00 Padded Archer Armor
KoryT
12:48 Loom
15:02 Feudal Age
17:15 Double-Bit Axe
17:42 Stone Mining
20:09 Castle Age
19:08 Fletching
19:19 Scale Mail Armor
22:13 Horse Collar
24:21 Bow Saw
25:03 Bodkin Arrow
24:31 Elite Skirmisher
30:56 Squires
33:59 Chain Mail Armor
34:25 Heavy Plow
34:57 Forging
36:45 Ballistics
40:53 Arson
Connection lost

Rejoining the realm…

Still unreachable

The connection could not be restored.

Session expired

The server has moved on; the page needs a fresh start.